 Dungeon Crawl Stone Soup version 0.31-a0-702-gf82c85558f (webtiles) character file.

Game seed: 2328380991472093877

4 qw the Shooter (level 1, -4/12 HPs)
             Began as a Gargoyle Hunter on Sept 8, 2023.
             Slain by a gnoll
             ... wielding a +0 spear
              (9 damage)
             ... on level 1 of the Dungeon.
             The game lasted 00:00:02 (103 turns).

qw the Shooter (Gargoyle Hunter)                     Turns: 103, Time: 00:00:03

Health: -4/12      AC:  5    Str: 14    XL:     1   Next: 70%
Magic:  1/1        EV: 11    Int:  9    God:
Gold:   47         SH:  0    Dex: 13    Spells: 0/0 levels left

rFire   . . .        a - +0 shortbow
rCold   . . .        (shield currently unavailable)
rNeg    + . .        c - +0 leather armour
rPois   inf          (no helmet)
rElec   +            (no cloak)
rCorr   .            (no gloves)
SInv    .            (no boots)
Will    .....        (no amulet)
Stlth   +            (no ring)
HPRegen 0.22/turn    (no ring)
MPRegen 0.07/turn

%: no passive effects
@: no status effects
A: sickness immunity, AC +2, negative energy resistance 1, electricity
resistance, torment resistance 1, petrification resistance
a: no special abilities


You were on level 1 of the Dungeon.
You visited 1 branch of the dungeon, and saw 1 of its levels.

You collected 47 gold pieces.


Innate Abilities, Weirdness & Mutations

You are immune to sickness and miasma.
Your stone body is resilient. (AC +2)
You are immune to poison.
You resist negative energy. (rN+)
You are resistant to electric shocks. (rElec)
You are resistant to unholy torment.
You are immune to petrification.


   Skills:
 - Level 2.1 Fighting
 + Level 4.2 Ranged Weapons
 - Level 1.5 Dodging
 - Level 1.1 Stealth


You couldn't memorise any spells.
You didn't know any spells.
Your spell library was empty.

Inventory:

Hand Weapons
 a - a +0 shortbow (weapon)
Armour
 c - a +0 leather armour (worn)
 d - a +0 ring mail
Scrolls
 b - a scroll of butterflies
 f - a scroll of identify {unknown}
Potions
 e - a potion of cancellation {unknown}

Dungeon Overview and Level Annotations

Branches:
Dungeon (1/15)

Altars:


Message History

A rat comes into view.
You shoot an arrow. The arrow hits the rat.
The rat is heavily wounded.
You shoot an arrow. The arrow hits the rat.
You kill the rat!
e - a black potion
f - a scroll labelled YQENUTT YCKEUMP A ball python and a gnoll come into view.
The gnoll shouts!
You shoot an arrow. The ball python hisses angrily.
The arrow hits the gnoll but does no damage.
You hear a shout!
A kobold comes into view. It is wielding a +0 club.
You shoot an arrow. The arrow hits the gnoll.
The gnoll is moderately wounded.
You shoot an arrow.
The arrow closely misses the ball python.
You shoot an arrow.
The arrow closely misses the ball python.
The arrow barely misses the kobold.
The ball python misses you. The ball python closely misses you.
You shoot an arrow. The arrow hits the ball python.
You kill the ball python!
A frilled lizard comes into view.
The gnoll hits you from afar with a +0 spear.
You shoot an arrow. The frilled lizard hisses angrily.
The arrow hits the kobold.
The kobold is severely wounded.
The gnoll hits you from afar with a +0 spear.
The kobold closely misses you.
You shoot an arrow. The arrow hits the kobold.
You kill the kobold!
The gnoll barely misses you.
You shoot an arrow. The arrow hits the gnoll.
The gnoll is severely wounded.
The gnoll hits you from afar with a +0 spear!
Ouch! That really hurt!
You die...

..##.. #.. .....
#... .... #... ...
#... .. #.
#.##g####..
#.######..........
........%@)..l...
#..........###..
#......##..#
###........#
#####........#
#.......)....#
#.......#.......
#...............
#...................


You could see a gnoll and a frilled lizard.

Vanquished Creatures
  An endoplasm (D:1)
  A ball python (D:1)
  A bat (D:1)
  A kobold (D:1)
  2 rats (D:1)
6 creatures vanquished.

Notes
Turn   | Place    | Note
-------+----------+-------------------------------------------
     0 | D:1      | qw the Gargoyle Hunter began the quest for the Orb.
     0 | D:1      | Reached XP level 1. HP: 12/12 MP: 1/1
     0 | D:1      | 0 ||| qw: Version: 0.3-a-76-g4403597
     0 | D:1      | 0 ||| qw: Game counter: 1099
     0 | D:1      | 0 ||| qw: Melee chars always use a shield: true
     0 | D:1      | 0 ||| qw: God list: Okawaru
     0 | D:1      | 0 ||| qw: Allow faded altars: false
     0 | D:1      | 0 ||| qw: Do Orc after clearing Dungeon:15 true
     0 | D:1      | 0 ||| qw: Do second Lair branch before Depths: true
     0 | D:1      | 0 ||| qw: Lair rune preference: random
     0 | D:1      | 0 ||| qw: Goals: Normal
     0 | D:1      | 0 ||| PLANNING D:1-11
   103 | D:1      | Slain by a gnoll

Levels and vault maps discovered:
D:1:      lemuel_arrival_river_bridge, layout_basic

Action                     || total
---------------------------++-------
   Fire: Shortbow          ||    16
 Armour: Leather armour    ||     3
  Dodge: Dodged            ||     4

Table legend:
 A = Non-vault XP
 B = Vault XP
 C = Vault XP percentage of total XP
 D = Non-vault monster count
 E = Vault monster count
 F = Vault count percentage of total count
                 A         B        C        D         E       F
            +---------+---------+-------+---------+---------+-------
      Total |       7 |       0 |   0.0 |       6 |       0 |   0.0
            +---------+---------+-------+---------+---------+-------
        D:1 |       7 |       0 |   0.0 |       6 |       0 |   0.0
            +---------+---------+-------+---------+---------+-------
